 Dungeon Sprint DCSS version 0.18.1-50-g88ac8fd (webtiles) character file.

896 Kagutsuchi the Fighter (level 7, -1/73 HPs)
             Began as a Red Draconian Berserker on Oct 21, 2016.
             Was a Priest of Trog.
             Slain by a polar bear (16 damage)
             ... in the Dungeon (Sprint II: "The Violet Keep of Menkaure").
             The game lasted 00:05:05 (270 turns).

Kagutsuchi the Fighter (Red Draconian Berserker)     Turns: 270, Time: 00:05:06

Health: -1/73      AC:  6    Str: 21    XL:     7   Next: 78%
Magic:  6/6        EV: 18    Int:  8    God:    Trog [***...]
Gold:   34         SH:  0    Dex: 14    Spells: 0 memorised, 6 levels left

rFire  + . .     SeeInvis .     b - +3 falchion "Dumocej" {freeze, rElec Str+2}
rCold  . . .     Gourm    .     (armour unavailable)
rNeg   . . .     Faith    .     (no shield)
rPois  .         Spirit   .     (helmet restricted)
rElec  +         Dismiss  .     (no cloak)
rCorr  .         Reflect  .     (no gloves)
SustAt .         Harm     .     (no boots)
MR     .....     NoTele   +     (no amulet)
Stlth  +.........               (no ring)
                                (no ring)

@: short of breath, not resistant to hostile enchantments, very unstealthy
A: breathe fire, unfitting armour, agile 1, fire resistance 1, low mp 1, sense
surroundings 1, cold-blooded, AC +6
a: Breathe Fire, Berserk, Trog's Hand, Burn Spellbooks, Renounce Religion


You were in the Dungeon.
You worshipped Trog.
Trog was most pleased with you.
You were completely stuffed.

You visited 1 branch You collected 486 gold pieces.
You spent 452 gold pieces at shops.

Inventory:

Hand Weapons
 a - a +0 falchion
 b - the +3 falchion "Dumocej" (weapon) {freeze, rElec Str+2}
   (You bought it in a shop in the Dungeon)

   It has been specially enchanted to freeze those struck by it, causing extra
   injury to most foes and up to half again as much damage against particularly
   susceptible opponents.
   It can also slow down cold-blooded creatures.
   It affects your strength (+2).
   It insulates you from electricity.
Scrolls
 h - a scroll of blinking
Potions
 e - a potion of haste
 f - 2 potions of magic
 g - a potion of berserk rage


   Skills:
 + Level 10.9 Fighting
 + Level 10.2 Long Blades
 + Level 9.9 Dodging


You had 6 spell levels left.
You didn't know any spells.

Dungeon Overview and Level Annotations

Branches:
Dungeon (1/1)

Altars:
Cheibriados
Dithmenos
Elyvilon
Fedhas
Makhleb
Nemelex Xobeh
Okawaru
Pakellas
Ru
Sif Muna
Trog
Vehumet
Xom
Yredelemnul
Beogh
Lugonu

Shops:
D =[:=[(%[(:!}?!?!

Annotations:
D exclusion: oklob plant


Innate Abilities, Weirdness & Mutations

You can breathe blasts of fire.
Your fiery red scales are hard (AC +6).
Your body does not fit into most forms of armour.
Your flesh is heat resistant.
You are cold-blooded and may be slowed by cold attacks.
You are agile. (Dex +2)
Your magical capacity is low (-10% MP).
You passively map a small area around you.


Message History

The polar bear misses you.
You hit the polar bear. You freeze the polar bear.
The polar bear is almost dead.
The polar bear completely misses you.
The polar bear claws you but does no damage.
The polar bear claws you.
* * * LOW HITPOINT WARNING * * *
The polar bear bites you.
* * * LOW HITPOINT WARNING * * *
The polar bear claws you but does no damage.
The polar bear claws you.
* * * LOW HITPOINT WARNING * * *
Unknown command.
You can't do that yet.
You hit the polar bear.
You kill the polar bear!
Trog accepts your kill.
Your Long Blades skill increases to level 10!
The polar bear bites you!
You die...

.#* , , , * # *## # , *
.# * # ###.. ** .#
#*#+###.##..# .# #
###.##...#..# ,.# .# *
†'.<.'†##'..### .##.# ,
###.##...#....###h..##▓▓*
#*#+###.##......@≈c≈≈≈≈≈
# , ###≈≈.....≈#+#####*
#, #≈≈≈§≈≈§§.≈#....._ _
##, ,##≈≈≈≈≈≈≈≈§≈#...._.
≈##+##≈≈≈≈≈≈§§≈§≈#..._._
≈≈≈≈≈≈≈≈§≈§§≈≈§≈§#.._._.
≈
+++#+++#≈§§§§§≈≈≈#._._._
≈≈≈§≈ ##§§≈###≈§#.._._.
≈§§≈≈≈≈§##≈≈#,#≈≈#._._._
≈≈ ≈


You could see a polar bear and a yaktaur.

Vanquished Creatures
  A polar bear (D)
  A blink frog (D)
  4 necrophages (D)
  A crocodile (D)
  4 worker ants (D)
11 creatures vanquished.

Vanquished Creatures (others)
  Menkaure (D)
  A crocodile (D)
2 creatures vanquished.

Grand Total: 13 creatures vanquished

Notes
Turn   | Place    | Note
--------------------------------------------------------------
     0 | D        | Kagutsuchi the Draconian Berserker began the quest for the Orb.
     0 | D        | Reached XP level 1. HP: 19/19 MP: 1/1
     1 | D        | Noticed a necrophage
     1 | D        | Noticed a necrophage
     1 | D        | Noticed a necrophage
     1 | D        | Noticed a necrophage
     6 | D        | Killed a necrophage
     6 | D        | Reached skill level 5 in Long Blades
     6 | D        | Reached skill level 5 in Dodging
     6 | D        | Reached XP level 2. HP: 30/30 MP: 2/2
     6 | D        | Reached XP level 3. HP: 37/37 MP: 3/3
     6 | D        | Reached XP level 4. HP: 44/44 MP: 4/4
     9 | D        | Killed a necrophage
     9 | D        | Reached XP level 5. HP: 52/52 MP: 5/5
    14 | D        | Killed a necrophage
    18 | D        | Killed a necrophage
    18 | D        | Reached XP level 6. HP: 63/63 MP: 6/6
    34 | D        | Killed Menkaure
    68 | D        | Reached ** piety under Trog
    82 | D        | Found Xavole's Distillery.
    83 | D        | Found Doqer's Magic Scroll Boutique.
    83 | D        | Found Iluadaw's Gadget Shop.
    83 | D        | Found Peyjilaj's Magic Scroll Shop.
    83 | D        | Found Qeobbuim's Book Boutique.
    83 | D        | Found Heqis's Distillery.
    83 | D        | Found Xicwor's Antique Armour Shop.
    83 | D        | Found Keoczuf's Antique Weapon Shop.
    84 | D        | Found Rutiycwe's Food Shop.
    84 | D        | Found Wusesh's Antique Weapon Boutique.
    84 | D        | Noticed a wyvern
    85 | D        | Found Gunab's Distillery.
    86 | D        | Found Emid's Antique Armour Shop.
    86 | D        | Found Boamn's Jewellery Boutique.
    86 | D        | Noticed a wyvern
    86 | D        | Noticed an oklob plant
    87 | D        | Found Xiabemed's Antique Armour Shop.
    87 | D        | Found Ceagacao's Jewellery Boutique.
    87 | D        | Found Jeinann's Book Shoppe.
    88 | D        | Noticed an iron elemental
    91 | D        | Bought a potion of curing for 39 gold pieces
    91 | D        | Bought a potion of mutation for 32 gold pieces
    91 | D        | Bought a potion of curing for 39 gold pieces
    91 | D        | Bought a potion of curing for 39 gold pieces
   101 | D        | Noticed a soldier ant
   101 | D        | Noticed a soldier ant
   102 | D        | Noticed a soldier ant
   103 | D        | Gained mutation: You are agile. (Dex +2) [potion of mutation]
   103 | D        | Gained mutation: You passively map a small area around you. [potion of mutation]
   103 | D        | Gained mutation: Your magical capacity is low (-10% MP). [potion of mutation]
   109 | D        | Bought a meat ration for 55 gold pieces
   122 | D        | Bought an encrusted falchion for 248 gold pieces
   122 | D        | Identified the +3 falchion "Dumocej" {freeze, rElec Str+2} (You bought it in a shop in the Dungeon)
   148 | D        | Noticed a blink frog
   192 | D        | Killed a blink frog
   192 | D        | Reached *** piety under Trog
   192 | D        | Reached skill level 10 in Fighting
   192 | D        | Your scales start taking on a fiery red colour.
   192 | D        | Reached XP level 7. HP: 30/73 MP: 6/6
   192 | D        | Gained mutation: Your flesh is heat resistant. [Red Draconian growth]
   201 | D        | Noticed an ice statue
   206 | D        | Noticed a flying skull
   206 | D        | Noticed a flying skull
   207 | D        | Noticed a flying skull
   227 | D        | Noticed a flying skull
   228 | D        | Noticed a flying skull
   229 | D        | Noticed a flying skull
   230 | D        | Noticed a flying skull
   253 | D        | Found a snail-covered altar of Cheibriados.
   253 | D        | Found an oddly glowing altar of Pakellas.
   254 | D        | Found a sparkling altar of Nemelex Xobeh.
   254 | D        | Found an iron altar of Okawaru.
   254 | D        | Found a radiant altar of Vehumet.
   255 | D        | Found a white marble altar of Elyvilon.
   255 | D        | Found a deep blue altar of Sif Muna.
   255 | D        | Found a blossoming altar of Fedhas.
   257 | D        | Found a burning altar of Makhleb.
   257 | D        | Found a corrupted altar of Lugonu.
   257 | D        | Found a sacrificial altar of Ru.
   257 | D        | Found a basalt altar of Yredelemnul.
   258 | D        | Found a shimmering altar of Xom.
   258 | D        | Found a roughly hewn altar of Beogh.
   258 | D        | Found a shadowy altar of Dithmenos.
   258 | D        | Found a bloodstained altar of Trog.
   258 | D        | Noticed a polar bear
   259 | D        | Noticed a polar bear
   262 | D        | Noticed a yaktaur
   270 | D        | Killed a polar bear
   270 | D        | Reached skill level 10 in Long Blades
   270 | D        | Slain by a polar bear

Skill      XL: |  1  2  3  4  5  6  7 |
---------------+----------------------+-----
Fighting       | 6 7 9 10 | 10.9
Long Blades    | 5 6 8 9 10 | 10.2
Dodging        | 5 6 7 9 |  9.9

Action                   |  1- 3 |  4- 6 |  7- 9 || total
-------------------------+-------+-------+-------++-------
Melee: Falchion          |     4 |    46 |     7 ||    57
       Tailslap          |       |     6 |       ||     6
Invok: Berserk           |     1 |     1 |       ||     2
 Abil: Breathe Fire      |       |       |     1 ||     1
  Use: Potion            |       |     4 |     2 ||     6
  Eat: Meat ration       |       |     1 |       ||     1
       Bread ration      |       |     1 |       ||     1
Armor: Skin              |       |     3 |     6 ||     9
Dodge: Dodged            |     1 |    33 |    32 ||    66
